[Event "The Schackveckan 2023: Göteborg open"]
[Site "Göteborgs schackcentrum, Vegagatan 20, Gothenburg, Sweden"]
[Date "2023.08.11"]
[Round "4.13"]
[White "Thern, Alfred"]
[Black "Svensson, Leif"]
[Result "1-0"]
[TimeControl "15 minutes + 5 seconds per move from move one (Round 1 - 4) / 90 minutes + 30 seconds per move from move one (Round 5 - 8)"]
[WhiteFideId "1775227"]
[BlackFideId "1702459"]
[WhiteElo "1643"]
[BlackElo "2038"]

1. e4 Nf6 2. e5 Nd5 3.
d4 d6 4.
Nf3 g6 5. Bd3 Bg7 6. O-O O-O 7.
Re1 Nc6 8. exd6 cxd6 9. c3 e5 10. Bc4 Nb6 11. Bb3 Bg4 12. dxe5 dxe5 13. Qe2 Qc7 14. h3 Bf5 15. g4 Bd7 16.
Be3 a5 17. a4 h6 18. Na3 Ne7 19. Bxb6 Qxb6 20. Nxe5 Bxe5 21. Qxe5 Qxb3 22. Qxe7 Bc6 23. Qe3 Qd5 24. f3 Rae8 25. Qf2 Bxa4 26. Kg2 Rxe1 27.
Rxe1 Bc6 28. Nc2 h5 29. Nd4 hxg4 30. hxg4 Bd7 31. Kg1 b5 32. Re3 b4 33. Rd3 bxc3 34. Rxc3 Rc8 35. Rxc8+ Bxc8 36.
Qe3 Bb7 37. Kf2 a4 38. Qc3 Qe5 39. Ne2 Qd5 40. Qe3 Qd6 41. Kg2 Qd7 42. Qd4 Qe6 43. Qd8+ Kh7 44. Qd3 Qxg4+ 45. Ng3 Qe6 46.
Qf1 Qb3 47. Qe2 Qd5 48. Qf1 1-0

[Event "The Schackveckan 2023: Göteborg open"]
[Site "Göteborgs schackcentrum, Vegagatan 20, Gothenburg, Sweden"]
[Date "2023.08.11"]
[Round "4.14"]
[White "Granath, Andreas"]
[Black "Havner, Arvid"]
[Result "1-0"]
[TimeControl "15 minutes + 5 seconds per move from move one (Round 1 - 4) / 90 minutes + 30 seconds per move from move one (Round 5 - 8)"]
[WhiteFideId "1743333"]
[BlackFideId "1769308"]
[WhiteElo "1673"]
[BlackElo "1825"]

1. d4 Nf6 2. c4 e6 3. g3 d5 4.
Bg2 Bb4+ 5. Nd2 O-O 6. Ngf3 dxc4 7. O-O b5 8. Ne5 Nd5 9. a3 Bd6 10. a4 Bb7 11. axb5 Bxe5 12. dxe5 c3 13.
Nc4 Nd7 14. f4 N7b6 15. Na5 c2 16. Qxc2 Nb4 17. Qc5 Bxg2 18. Kxg2 Qd5+ 19. Qxd5 N6xd5 20. Bd2 Nc2 21. Rac1 Nce3+ 22. Kf2 Nxf1 23. Kxf1 Rab8 24. e4 Ne7 25. Rxc7 Rfe8 26. Nb7 Nc8 27. Bb4 h6 28. Nd6 Nxd6 29. exd6 Rxb5 30. d7 Rd8 31.
Be7 Rxd7 32. Rxd7 Rxb2 33. Rxa7 Rxh2 34. Bd6 g5 35. Ra8+ Kg7 36. Be5+ Kg6 37. g4 gxf4 38. Rg8+ Kh7 39.
Rg7+ Kh8 40. Rxf7+ Kg8 41. Rxf4 h5 42. Kg1 Rh4 43. g5 Rg4+ 44. Rxg4 hxg4 45. Kg2 Kf7 46. Kg3 Ke8 1-0

[Event "The Schackveckan 2023: Göteborg open"]
[Site "Göteborgs schackcentrum, Vegagatan 20, Gothenburg, Sweden"]
[Date "2023.08.11"]
[Round "4.15"]
[White "Kosmidis, Thomas"]
[Black "Torres, Lucas"]
[Result "0-1"]
[TimeControl "15 minutes + 5 seconds per move from move one (Round 1 - 4) / 90 minutes + 30 seconds per move from move one (Round 5 - 8)"]
[WhiteFideId "1753380"]
[BlackFideId "1769464"]
[WhiteElo "1721"]
[BlackElo "1501"]

1. d4 d5 2. c4 c6 3. cxd5 cxd5 4. Nc3 Nf6 5. Nf3 Nc6 6. Bf4 Qb6 7. Qb3 Nxd4 8. Qa4+ Nc6 9. Qc2 e6 10. e3 Bb4 11. Be2 O-O 12. O-O Bd7 13. Ne5 Nxe5 14.
Bxe5 Bxc3 15. Bxc3 Rac8 16. Bd3 h6 17. Qb1 Ne8 18. Qd1 f5 19. Qh5 Nf6 20. Qh4 Bb5 21. Rfd1 Bxd3 22. Rxd3 Rc4 23. Qg3 Rg4 24. Qe5 Nd7 25.
Bd4 Nxe5 26. Bxb6 Nxd3 27. Bxa7 Nxb2 28. Rb1 Ra8 29. Bd4 Rxa2 30. Bxb2 Rb4 0-1

[Event "The Schackveckan 2023: Göteborg open"]
[Site "Göteborgs schackcentrum, Vegagatan 20, Gothenburg, Sweden"]
[Date "2023.08.11"]
[Round "4.16"]
[White "Al Saab, Ranny"]
[Black "Wennerlund, Elias"]
[Result "0-1"]
[TimeControl "15 minutes + 5 seconds per move from move one (Round 1 - 4) / 90 minutes + 30 seconds per move from move one (Round 5 - 8)"]
[WhiteFideId "1768360"]
[BlackFideId "1742353"]
[WhiteElo "1598"]
[BlackElo "1710"]

1. e4 Nf6 2. e5 Nd5 3.
c4 Nb6 4. d4 d6 5. exd6 exd6 6. Nf3 Bg4 7. Be3 Be7 8. Bd3 Na6 9. a3 c6 10. Nbd2 Bf6 11. Rb1 Nc7 12. Qc2 d5 13.
c5 Nd7 14. O-O g6 15. Rfe1 O-O 16. h3 Bxf3 17. Nxf3 Ne6 18. b4 a5 19. b5 Qc7 20. b6 Qd8 21. Qb2 Ndxc5 22. Bf1 Ne4 23.
Bd3 N6c5 24. Bc2 Nd6 25. Qc1 Nce4 26. Bd3 Re8 27. Nd2 Re6 28. Nb3 Qe8 29. f3 Ng3 30. Bf4 Ndf5 31. Bxg3 Nxg3 32.
Qc3 a4 33. Rxe6 fxe6 34. Nc5 Qf7 35. Re1 Re8 36. Kh2 Nf5 37. Bxf5 exf5 38. Rxe8+ Qxe8 39. Nxa4 Qb8+ 40. Kg1 Qf4 41.
Kf1 Bxd4 42. Qe1 Be3 43. Nc3 d4 44. Ne2 Qh2 0-1

[Event "The Schackveckan 2023: Göteborg open"]
[Site "Göteborgs schackcentrum, Vegagatan 20, Gothenburg, Sweden"]
[Date "2023.08.11"]
[Round "4.17"]
[White "Eldh, Hjalmar"]
[Black "Imani Lasaki, Hamed"]
[Result "1-0"]
[TimeControl "15 minutes + 5 seconds per move from move one (Round 1 - 4) / 90 minutes + 30 seconds per move from move one (Round 5 - 8)"]
[WhiteFideId "1767968"]
[BlackFideId "1766970"]
[WhiteElo "1738"]
[BlackElo "1624"]

1. e4 e5 2. Nf3 Nc6 3. Bc4 Bc5 4. c3 d6 5. d4 Bb6 6. dxe5 dxe5 7. Qxd8+ Kxd8 8. Bxf7 Nf6 9. Bd5 Bg4 10. Bxc6 Bxf3 11. gxf3 bxc6 12. Be3 Ke7 13.
Nd2 Rhd8 14. O-O-O Bxe3 15. fxe3 Rd3 16. Nc4 Rxd1+ 17. Rxd1 Nd7 18. Na5 c5 19. Kc2 a6 20. Nc6+ Ke6 21.
f4 exf4 22. exf4 g6 23. f5+ gxf5 24. exf5+ Kxf5 25. Rxd7 h5 26. Rxc7 Kg4 27. Ne5+ Kh3 28. Rxc5 Rf8 29. Ng6 Rf2+ 30. Kb3 Kg4 31. h3+ Kxh3 32.
Rxh5 Kg4 33. Ra5 Rf6 34. Ne5+ Kf4 35. Nc4 Rc6 36. Kb4 Ke4 37. Re5 Kd3 38. Re3+ Kc2 39. Rh3 Rg6 40. Ne5 Rg5 41.
Re3 Rh5 42. c4 Kxb2 43. c5 Kxa2 44.
c6 Rh4+ 45. Kc5 Rh1 46. c7 Rh8 47. Kb6 Rh6+ 48. Nc6 Rh8 49. Nd8 Rh6+ 50. Re6 Rh1 51. c8=Q Rb1+ 52. Ka5 Rb5+ 1-0

[Event "The Schackveckan 2023: Göteborg open"]
[Site "Göteborgs schackcentrum, Vegagatan 20, Gothenburg, Sweden"]
[Date "2023.08.12"]
[Round "5.1"]
[White "Bjorklund, Thomas"]
[Black "Ustianovich, Nazar"]
[Result "0-1"]
[TimeControl "15 minutes + 5 seconds per move from move one (Round 1 - 4) / 90 minutes + 30 seconds per move from move one (Round 5 - 8)"]
[BlackTitle "FM"]
[WhiteFideId "1724576"]
[BlackFideId "14109778"]
[WhiteElo "2139"]
[BlackElo "2314"]

1. e4 c5 2. Nf3 e6 3. c3 Nf6 4. Qc2 Nc6 5. Bb5 Qb6 6. a4 a6 7. Bc4 d5 8. exd5 exd5 9. Ba2 Bg4 10. Qd3 O-O-O 11. O-O Bd6 12.
h3 Bh5 13. a5 Qc7 14. Qf5+ Kb8 15. d4 c4 16. b3 Ne7 17. Qc2 Bxf3 18. gxf3 Qd7 19. Kg2 Ng6 20. Rh1 Nh4+ 21. Kf1 Nxf3 22.
bxc4 Ne4 23. Nd2 Nfxd2+ 24. Bxd2 Qf5 25. Ke2 Qxf2+ 26. Kd3 Nc5+ 0-1

[Event "The Schackveckan 2023: Göteborg open"]
[Site "Göteborgs schackcentrum, Vegagatan 20, Gothenburg, Sweden"]
[Date "2023.08.12"]
[Round "5.2"]
[White "Buzleta, Patrik"]
[Black "Hector, Jonny"]
[Result "0-1"]
[TimeControl "15 minutes + 5 seconds per move from move one (Round 1 - 4) / 90 minutes + 30 seconds per move from move one (Round 5 - 8)"]
[BlackTitle "GM"]
[WhiteFideId "1755463"]
[BlackFideId "1700090"]
[WhiteElo "1604"]
[BlackElo "2466"]

1. h3 d5 2. Nf3 Nc6 3. d4 Bf5 4. a3 e6 5. e3 Bd6 6. Bb5 Nge7 7. O-O O-O 8. Nh4 Be4 9. f3 Bxc2 10.
Qxc2 Bg3 11. Bd3 f5 12. Nxf5 exf5 13. f4 Qd6 14. Rf3 Bh4 15. b4 Nd8 16. g3 Bf6 17. h4 Ne6 18. Bb2 a5 19.
b5 c5 20. bxc6 bxc6 21. a4 c5 22. dxc5 Nxc5 23. Bxf6 Rxf6 24. Nc3 Rc8 25. Rd1 Ne4 26. Bxe4 fxe4 27. Rf2 Qc5 28. Nxd5 Qxc2 29.
Nxe7+ Kf7 30. Rxc2 Rxc2 31. Nd5 Rd6 32. Rd4 Rc5 33. Rxe4 Rdxd5 34. Kf2 Rd7 35. g4 Re7 36. Rd4 Rc2+ 0-1

[Event "The Schackveckan 2023: Göteborg open"]
[Site "Göteborgs schackcentrum, Vegagatan 20, Gothenburg, Sweden"]
[Date "2023.08.12"]
[Round "5.3"]
[White "Olsson, William"]
[Black "Yang, Mandi"]
[Result "1-0"]
[TimeControl "15 minutes + 5 seconds per move from move one (Round 1 - 4) / 90 minutes + 30 seconds per move from move one (Round 5 - 8)"]
[WhiteTitle "FM"]
[WhiteFideId "1741721"]
[BlackFideId "1774778"]
[WhiteElo "2400"]
[BlackElo "1457"]

1. Nf3 c5 2. c4 Nc6 3. Nc3 Nf6 4. g3 g6 5. Bg2 Bg7 6. e4 d6 7. O-O O-O 8. a3 Be6 9. d3 Qc8 10.
Re1 Bh3 11. Bh1 Bg4 12. Qd2 e6 13. Rb1 Bxf3 14. Bxf3 Nd4 15. Bg2 Rb8 16. b4 Nd7 17. Ne2 e5 18. Nxd4 exd4 19. a4 Ne5 20.
h3 b6 21. Qd1 f5 22. f4 Nd7 23. exf5 Rxf5 24. Qe2 Rf8 25. Qe6+ Kh8 26. Qxd6 Nf6 27. bxc5 Rd8 28. Qc6 Qxc6 29.
Bxc6 bxc5 30. Ba3 Rxb1 31. Rd1 Rc1 32. Rxc1 Rc8 33. Rb1 Re8 34. Bf3 Re5 35. Bxc5 Re3
36. Rb8+ Ng8 37. Bd5 Nf6 38. Bf3+ Ng8 39. Bd5 1-0

[Event "The Schackveckan 2023: Göteborg open"]
[Site "Göteborgs schackcentrum, Vegagatan 20, Gothenburg, Sweden"]
[Date "2023.08.12"]
[Round "5.4"]
[White "Eriksson, Kristian"]
[Black "Krantz, Martin"]
[Result "1/2-1/2"]
[TimeControl "15 minutes + 5 seconds per move from move one (Round 1 - 4) / 90 minutes + 30 seconds per move from move one (Round 5 - 8)"]
[WhiteFideId "1705172"]
[BlackFideId "1724100"]
[WhiteElo "2057"]
[BlackElo "2000"]

1. e4 c5 2. Nf3 Nc6 3. Bb5 Nf6 4. e5 Nd5 5. O-O g6 6. Nc3 Nc7 7. Bxc6 dxc6 8. Ne4 b6 9. Re1 Bf5 10.
d3 Ne6 11. h3 Bxe4 12. Rxe4 Bg7 13. Be3 Qd5 14. c4 Qd7 15. d4 O-O-O 16. Qe2 cxd4 17. Bxd4 c5 18. Bc3 Qd3 19. Re1 Rd7 20.
Qxd3 Rxd3 21. R4e3 Rhd8 22. g3 Bh6 23.
Rxd3 Rxd3 24. Kg2 Kc7 25. Re4 1/2-1/2

[Event "The Schackveckan 2023: Göteborg open"]
[Site "Göteborgs schackcentrum, Vegagatan 20, Gothenburg, Sweden"]
[Date "2023.08.12"]
[Round "5.5"]
[White "Bengtsson, Siv"]
[Black "Andersson, Stig"]
[Result "1-0"]
[TimeControl "15 minutes + 5 seconds per move from move one (Round 1 - 4) / 90 minutes + 30 seconds per move from move one (Round 5 - 8)"]
[WhiteFideId "1701673"]
[BlackFideId "1731971"]
[WhiteElo "2010"]
[BlackElo "1811"]

1. e4 e5 2. Nf3 Nc6 3. Bb5 a6 4. Ba4 Nf6 5. d3 b5 6. Bb3 Bd6 7. c3 O-O 8. O-O Bb7 9. Nbd2 Ne7 10.
Re1 c6 11. d4 Ng6 12. Nf1 Bc7 13. Ng3 Re8 14. dxe5 Nxe5 15. Nxe5 Rxe5 16. f4 Re8 17. e5 Nd5 18. Bxd5 cxd5 19.
Qg4 Re6 20. Be3 d6 21. f5 Rxe5 22. Nh5 Qf8 23. Bh6 Bb6+ 24. Kh1 Rae8 25. Rxe5 Rxe5 26. Bxg7 Re4 27. Nf6# 1-0

[Event "The Schackveckan 2023: Göteborg open"]
[Site "Göteborgs schackcentrum, Vegagatan 20, Gothenburg, Sweden"]
[Date "2023.08.12"]
[Round "5.6"]
[White "Degerfeldt, Sven"]
[Black "Harila, Per"]
[Result "1-0"]
[TimeControl "15 minutes + 5 seconds per move from move one (Round 1 - 4) / 90 minutes + 30 seconds per move from move one (Round 5 - 8)"]
[WhiteFideId "1717430"]
[BlackFideId "1707248"]
[WhiteElo "1821"]
[BlackElo "2016"]

1. d4 f5 2. g3 Nf6 3. Bg2 e6 4. Nf3 d5 5. O-O c6 6. c4 Bd6 7. Qc2 O-O 8. b3 Qe7 9. Bb2 Nbd7 10.
Nbd2 Ne4 11. e3 b6 12. Ne5 Bb7 13. Rac1 Rac8 14. f3 Nxd2 15. Qxd2 c5 16. f4 Nf6 17. Rfd1 Rfd8 18. Qe2 Ne4 19.
Bf3 Rc7 20. Bxe4 fxe4 21. cxd5 Bxe5 22. dxe5 Bxd5 23. Qg4 Rf8 24. Rxd5 exd5 25. f5 Kh8 26. Rf1 c4 27. bxc4 dxc4 28.
Bd4 c3 29. f6 gxf6 30. exf6 Qf7 31. Qg7+ Qe8 1-0

[Event "The Schackveckan 2023: Göteborg open"]
[Site "Göteborgs schackcentrum, Vegagatan 20, Gothenburg, Sweden"]
[Date "2023.08.12"]
[Round "5.7"]
[White "Sandberg, Lucas"]
[Black "Ottgard, Andreas"]
[Result "1-0"]
[TimeControl "15 minutes + 5 seconds per move from move one (Round 1 - 4) / 90 minutes + 30 seconds per move from move one (Round 5 - 8)"]
[WhiteFideId "1773712"]
[BlackFideId "1730592"]
[WhiteElo "1311"]
[BlackElo "1874"]

1. c4 Nf6 2. Nc3 g6 3. d4 c5 4.
d5 d6 5.
e4 Bg7 6. h3 Na6 7. Bg5 O-O 8. Qd2 Nc7 9. Bd3 a6 10. a4 e5 11. Nge2 Rb8 12. a5 b5 13. axb6 Rxb6 14. g4 Bd7 15.
Ng3 Qb8 16. Nd1 Rb4 17. Bh6 Ba4 18. Bxg7 Kxg7 19. Nf5+ Kh8 20. Qh6 Rg8 21. Nxd6 Qf8 22. Qxf8 Rxf8 23. Nc3 Bd7 24. Ra5 Rxb2 25. Rxc5 Nce8 26. Nxe8 Rxe8 27. Ra5 Rb3 28. Kd2 Rb2+ 29.
Bc2 Rc8 30. c5 Bb5 31. c6 Ne8 32. Nxb5 Rxb5 33. Rxa6 Nd6 34. Bd3 Rb2+ 35. Ke3 Rb3 36. Rc1 f5 37. f3 f4+ 38. Kd2 Rb2+ 39.
Rc2 Rb1 40. c7 Ne8 41. d6 Nf6 42. Bc4 1-0

[Event "The Schackveckan 2023: Göteborg open"]
[Site "Göteborgs schackcentrum, Vegagatan 20, Gothenburg, Sweden"]
[Date "2023.08.12"]
[Round "5.8"]
[White "Lindholm, Marcus"]
[Black "Wengholm, Anders"]
[Result "0-1"]
[TimeControl "15 minutes + 5 seconds per move from move one (Round 1 - 4) / 90 minutes + 30 seconds per move from move one (Round 5 - 8)"]
[WhiteFideId "1743473"]
[BlackFideId "1704818"]
[WhiteElo "1708"]
[BlackElo "2155"]

1. d4 d6 2. e4 Nf6 3. Nc3 g6 4. Bg5 Bg7 5. e5 dxe5 6. dxe5 Ng4 7. Qxd8+ Kxd8 8. h3 Nxe5 9. O-O-O+ Bd7 10.
f4 Nec6 11. Nd5 Re8 12. Nf3 Kc8 13. Bc4 f6 14. Bh4 Na5 15. Be2 c6 16. Nc3 b5 17. a4 a6 18. Rd2 Nb7 19. Bf2 e5 20.
Be3 e4 21. Nd4 Kc7 22. Nb3 Be6 23. Nd4 f5 24. g4 Nd7 25. gxf5 gxf5 26. Bh5 Re7 27. Nxe6+ Rxe6 28. Rg1 Bf6 29.
Ne2 c5 30. Ng3 Nd6 31. Rgd1 Rd8 32. Rd5 Nc4 33. Bxc5 Nxb2 34. Bd6+ Rxd6 35. Rxd6 Nxd1 36. Rxd1 bxa4 37. Kb1 Rb8+ 38.
Ka2 Rb2+ 39. Ka3 Rxc2 40. Nxf5 Rc5 41. Bg4 h5 42. Bxh5 Rxf5 43. Bg4 Rxf4 44. Bxd7 Be7+ 45. Ka2 Rf2+ 46.
Kb1 a3 47. Be6 Rb2+ 48. Ka1 Bf6 49. Rd7+ Kc6 50. Rf7 Bc3 51. Ba2 Rb8# 0-1

[Event "The Schackveckan 2023: Göteborg open"]
[Site "Göteborgs schackcentrum, Vegagatan 20, Gothenburg, Sweden"]
[Date "2023.08.12"]
[Round "5.9"]
[White "Wesslen, Ulf"]
[Black "Thern, Alfred"]
[Result "1-0"]
[TimeControl "15 minutes + 5 seconds per move from move one (Round 1 - 4) / 90 minutes + 30 seconds per move from move one (Round 5 - 8)"]
[WhiteFideId "1705199"]
[BlackFideId "1775227"]
[WhiteElo "1916"]
[BlackElo "1643"]

1. Nf3 Nf6 2. g3 d5 3. Bg2 c5 4. O-O Nc6 5. d4 e6 6. b3 cxd4 7. Nxd4 e5 8. Nxc6 bxc6 9. c4 Be6 10.
Bb2 Bd6 11. Nc3 Be7 12. Rc1 a6 13. Qc2 Rc8 14. Rfd1 Qc7 15. cxd5 cxd5 16. Qd3 Qd6 17. Nxd5 Rxc1 18. Nxf6+ gxf6 19.
Bxc1 Qxd3 20. Rxd3 O-O 21. Bh6 Rc8 22. Bb7 Rc2 23. Rd2 Rc1+ 24. Kg2 Bc8 25. Bd5 Bb4 26. Rd4 exd4 27. Bxc1 Kg7 28.
Kf3 f5 29. Bb2 Bc5 30. e3 Be6 31. Bb7 Bd7 32. exd4 Be7 33. Bxa6 Bf6 34. Kf4 Kg6 35. h4 1-0

[Event "The Schackveckan 2023: Göteborg open"]
[Site "Göteborgs schackcentrum, Vegagatan 20, Gothenburg, Sweden"]
[Date "2023.08.12"]
[Round "5.10"]
[White "Wennerlund, Elias"]
[Black "Granath, Jonas"]
[Result "0-1"]
[TimeControl "15 minutes + 5 seconds per move from move one (Round 1 - 4) / 90 minutes + 30 seconds per move from move one (Round 5 - 8)"]
[WhiteFideId "1742353"]
[BlackFideId "1761013"]
[WhiteElo "1710"]
[BlackElo "1896"]

1. e4 e5 2. Nc3 Nf6 3. f4 d5 4. fxe5 Nxe4 5. Qf3 Nc6 6. Bb5 Nxc3 7. dxc3 Qh4+ 8. g3 Qe4+ 9. Qxe4 dxe4 10.
Bxc6+ bxc6 11. Be3 h5 12. O-O-O h4 13. gxh4 Bg4 14. Rd4 Bc5 15. Rxe4 Bf5 16. Rc4 Bxe3+ 17. Kb1 Be6 0-1

[Event "The Schackveckan 2023: Göteborg open"]
[Site "Göteborgs schackcentrum, Vegagatan 20, Gothenburg, Sweden"]
[Date "2023.08.12"]
[Round "5.11"]
[White "Johansson, Roy"]
[Black "Granath, Andreas"]
[Result "0-1"]
[TimeControl "15 minutes + 5 seconds per move from move one (Round 1 - 4) / 90 minutes + 30 seconds per move from move one (Round 5 - 8)"]
[WhiteFideId "1745972"]
[BlackFideId "1743333"]
[WhiteElo "1890"]
[BlackElo "1673"]

1. d4 Nf6 2. Bf4 d5 3. e3 e6 4. Nd2 Bd6 5. Bg3 O-O 6. Bd3 c5 7. c3 Qc7 8. Ngf3 Nbd7 9. e4 Bxg3 10.
hxg3 e5 11. dxe5 Nxe5 12. Nxe5 dxe4 13. f4 exd3 14. g4 Re8 15. Kf1 Bxg4 16. Nxg4 Qxf4+ 17. Nf2 Re2 18. Nf3 Rxf2+ 19. Kxf2 Ng4+ 20.
Kf1 Ne3+ 21. Ke1 Qg3+ 22. Kd2 Nxd1 0-1

[Event "The Schackveckan 2023: Göteborg open"]
[Site "Göteborgs schackcentrum, Vegagatan 20, Gothenburg, Sweden"]
[Date "2023.08.12"]
[Round "5.12"]
[White "Torres, Lucas"]
[Black "Westlund, Tim"]
[Result "0-1"]
[TimeControl "15 minutes + 5 seconds per move from move one (Round 1 - 4) / 90 minutes + 30 seconds per move from move one (Round 5 - 8)"]
[WhiteFideId "1769464"]
[BlackFideId "1754718"]
[WhiteElo "1501"]
[BlackElo "1861"]

1. e4 e5 2. Nf3 Nf6 3. Nxe5 d6 4. Nf3 Nxe4 5. d3 Nf6 6. Nc3 d5 7. d4 c6 8. Bd3 Bd6 9. O-O O-O 10.
Bg5 Bg4 11. Be2 Nbd7 12. Ne5 Bxe2 13. Qxe2 Re8 14. f4 Qb6 15. Qf2 Qxb2 16. Nxd7 Nxd7 17. Qd2 Bb4 18. Na4 Bxd2 19. Nxb2 Bc3 20.
Rab1 Bxd4+ 21. Kh1 Re2 22. Nd3 Bb6 23. Rfc1 Rae8 24. a4 Nc5 25. Nxc5 Bxc5 26. h3 b6 27. Bh4 R2e4 28. Re1 Rxe1+ 29. Rxe1 Rxe1+ 30. Bxe1 Kf8 31. Bc3 g6 32. g4 f5 33. g5 Bd6 34. Bd2 a6 35. Kg2 b5 36. axb5 axb5 37. Kg3 c5 38.
h4 b4 39. Kf3 d4 40. Ke2 c4 41. Bc1 d3+ 42. cxd3 c3 43. Be3 b3 44. Bd4 b2 45. Bxc3 b1=Q 0-1

[Event "The Schackveckan 2023: Göteborg open"]
[Site "Göteborgs schackcentrum, Vegagatan 20, Gothenburg, Sweden"]
[Date "2023.08.12"]
[Round "5.13"]
[White "Pintaric, Felix"]
[Black "Johansson, William"]
[Result "0-1"]
[TimeControl "15 minutes + 5 seconds per move from move one (Round 1 - 4) / 90 minutes + 30 seconds per move from move one (Round 5 - 8)"]
[WhiteFideId "1776096"]
[BlackFideId "1744070"]
[WhiteElo "1483"]
[BlackElo "2052"]

1. e4 c6 2. d4 d5 3. exd5 cxd5 4. Bd3 Nc6 5. c3 Qc7 6. Ne2 Bg4 7. O-O Nf6 8. h3 Bh5 9. f4 e6 10.
Nd2 Bg6 11. Nf3 Bd6 12. Ne5 Bxd3 13. Qxd3 Ne4 14. c4 f6 15. Nxc6 Qxc6 16. c5 Bc7 17. Be3 a5 18. Rac1 O-O 19.
Nc3 Nxc3 20. Qxc3 Rae8 21. Kh1 Re7 22. Bg1 Qb5 23. Bh2 b6 24. c6 Bd6 25. Qb3 Qxb3 26. axb3 f5 27. Rc2 Rc8 28.
Kg1 Rec7 29. Rfc1 Kf7 30. Kf2 Ke7 31. Ke3 Bb4 32. Bg3 Kd6 33. Kd3 Rxc6 34. Rxc6+ Rxc6 35. Rxc6+ Kxc6 36. Bf2 Be7 37. g3 Kb5 38. Kc2 h5 39.
h4 a4 40. Be1 a3 41. bxa3 Bxa3 42. Bd2 Bb4 43. Bxb4 Kxb4 44. Kb2 b5 45. Ka2 Kc3 46. Ka3 b4+ 47. Ka4 g6 0-1

[Event "The Schackveckan 2023: Göteborg open"]
[Site "Göteborgs schackcentrum, Vegagatan 20, Gothenburg, Sweden"]
[Date "2023.08.12"]
[Round "5.14"]
[White "Mohammed, Safian Haj"]
[Black "Eldh, Hjalmar"]
[Result "1-0"]
[TimeControl "15 minutes + 5 seconds per move from move one (Round 1 - 4) / 90 minutes + 30 seconds per move from move one (Round 5 - 8)"]
[WhiteFideId "1729276"]
[BlackFideId "1767968"]
[WhiteElo "1862"]
[BlackElo "1738"]

1. e4 e5 2. Nf3 Nc6 3. Bb5 a6 4. Ba4 Nf6 5. d3 b5 6. Bb3 Bc5 7. c3 d6 8. O-O Bg4 9. h3 Bh5 10.
Nbd2 O-O 11. Re1 Bb6 12. Nf1 h6 13. Ng3 Bg6 14. Be3 Bxe3 15. Rxe3 Na5 16. Bc2 c5 17. Nh4 d5 18. Nxg6 fxg6 19.
exd5 Qxd5 20. b4 Nc6 21. Bb3 c4 22. dxc4 Qxd1+ 23. Rxd1 Kh7 24. c5 a5 25. a3 Ra6 26. Rd6 Ne8 27.
Rd7 axb4 28. cxb4 Nd4 29. Rb7 Nf6 30. Bd1 Rfa8 31. Rxe5 Rxa3 32. Kh2 Rd3 33. Be2 Rb3 34. Ree7 Rxb4 35.
Rxg7+ Kh8 36. Rxg6 Nxe2 37. Rxh6+ Kg8 38. Nxe2 Ne4 39. c6 Nd6 40. Rxd6 Rb2 41. Nf4 Rxf2 42. Ne6 Rf6 43. c7 Rc8 44.
Rd8+ Kf7 45. Ng5+ Ke7 46. Rxc8 b4 47. Rh8 b3 48. c8=Q+ Kd6 49. Re8 Kd5 50. Rd7+ Rd6 51. Rxd6+ Kxd6 52.
Rd8+ Ke5 53. Nf3+ Ke4 54. Qc4+ Ke3 55. Qd4+ Ke2 56. Re8+ Kf1 57. Re1# 1-0

[Event "The Schackveckan 2023: Göteborg open"]
[Site "Göteborgs schackcentrum, Vegagatan 20, Gothenburg, Sweden"]
[Date "2023.08.12"]
[Round "5.15"]
[White "Svensson, Leif"]
[Black "Al Saab, Ranny"]
[Result "1/2-1/2"]
[TimeControl "15 minutes + 5 seconds per move from move one (Round 1 - 4) / 90 minutes + 30 seconds per move from move one (Round 5 - 8)"]
[WhiteFideId "1702459"]
[BlackFideId "1768360"]
[WhiteElo "2038"]
[BlackElo "1598"]

1. d4 d5 2. Nc3 Nf6 3. Bf4 a6 4. e3 Bf5 5. f3 Nc6 6. a3 e6 7. g4 Bg6 8. h4 h6 9. Bd3 Bxd3 10.
Qxd3 Bd6 11. Nge2 e5 12. Bg3 Qd7 13. O-O-O O-O-O 14. g5 hxg5 15. hxg5 Nh5 16. Bf2 Ne7 17. dxe5 Bxe5 18.
f4 Bxc3 19. Nxc3 g6 20. e4 Nxf4 21. Qf3 Rxh1 22.
Rxh1 Ne6 23. exd5 Nxg5 24. Qf6 Nh3 25. Rxh3 Qxh3 26. Qxe7 Qf5 27. Qe3 b6 28. Kb1 Rh8 29. Bg3 g5 30.
b3 f6 31. Qe7 Qd7 32. Qxf6 Rh1+ 33. Kb2 g4 34. d6 cxd6 35. Bxd6 Rh3 36. Qf8+ Kb7 37. Qb8+ Kc6 38. Ne4 Re3 39.
Qa8+ Qb7 40. Qe8+ Qd7 41. Qa8+ Qb7 42. Qe8+ 1/2-1/2

[Event "The Schackveckan 2023: Göteborg open"]
[Site "Göteborgs schackcentrum, Vegagatan 20, Gothenburg, Sweden"]
[Date "2023.08.12"]
[Round "5.16"]
[White "Havner, Arvid"]
[Black "Bergholtz, Karl"]
[Result "1-0"]
[TimeControl "15 minutes + 5 seconds per move from move one (Round 1 - 4) / 90 minutes + 30 seconds per move from move one (Round 5 - 8)"]
[WhiteFideId "1769308"]
[BlackFideId "1756141"]
[WhiteElo "1825"]
[BlackElo "1521"]

1. e4 e5 2. Nf3 Nc6 3. Bb5 a6 4. Ba4 Nf6 5. O-O Be7 6. d3 b5 7. Bb3 O-O 8. a4 Bb7 9. Nc3 b4 10.
Nd5 a5 11. Re1 Nd4 12. Nxd4 exd4 13. Nxe7+ Qxe7 14. Bg5 h6 15. Bh4 Qd6 16. Qf3 Ra6 17. Bc4 Rb6 18. Qf5 c5 19. f3 Nh7 20.
Bg3 Qe7 21. Qe5 Qxe5 22. Bxe5 d6 23. Bg3 Nf6 24. e5 Nh5 25. exd6 Nxg3 26. hxg3 Rxd6 27. Re5 Rc8 28. Rae1 Kf8 29.
Bxf7 Kxf7 30. Re7+ Kf6 31. Rxb7 c4 32. Kf2 cxd3 33. cxd3 Rdc6 34. f4 Rc2+ 35. Re2 Rxe2+ 36. Kxe2 Rc2+ 37.
Kf3 Rxb2 38. Rb5 Rb1 39. Ke4 Rg1 40.
Rxa5 Rxg2 41. Rb5 Rxg3 42. Rxb4 h5 43. Rb6+ Ke7 44. Rb5 g6 45. Rg5 Rxg5 46. fxg5 Ke6 47. Kxd4 Kd6 48. Ke4 Kc6 49.
d4 h4 50. Kf4 1-0